 Dungeon Crawl Stone Soup version 0.16.1-11-g651b585 (webtiles) character file.

309588 jacksonaction the Peltast (level 20, 145/174 HPs)
             Began as a Centaur Fighter on Mar 30, 2015.
             Was the Champion of the Shining One.
             Quit the game in the Vestibule of Hell on Mar 31, 2015.
             The game lasted 09:26:53 (49878 turns).

jacksonaction the Peltast (Centaur Fighter)        Turns: 49878, Time: 09:26:53

Health: 145/174    AC: 34    Str: 38    XL:     20   Next: 37%
Magic:  32/32      EV:  0    Int: 11    God:    the Shining One [******]
Gold:   650        SH: 34    Dex: 11    Spells: 0 memorised, 19 levels left

rFire  . . .     SeeInvis +     E - +8 trishula (holy)
rCold  + + .     Clarity  +     S - +1 chain mail "Ahiqam" {Str+7 Slay+2}
rNeg   + + +     SustAb   .     W - +18 shield of the gong {rElec rN+ MR+ EV-5}
rPois  .         Gourm    .     p - +2 helmet of Pneuxum {rC+ Int+4}
rElec  +         Spirit   .     m - +2 cloak {+Inv}
rCorr  +         Warding  .     l - +1 pair of gloves {Dex+3}
rMut   .         Stasis   .     y - +5 centaur barding of Vihaph {rC+ Regen+ rCorr Dex-5}
MR     ++...                    N - amulet of clarity
Stlth  ..........               s - ring of Rymia {+Inv rElec Str+4 Dex+2 SInv}
                                H - ring "Koycooj" {+Blink Str+3 Dex-2 SInv Stlth-}

@: glowing, very quick, very resistant to hostile enchantments, extremely
unstealthy
A: hooves 3, deformed body, speed 2, tough skin 3
a: Divine Shield, Cleansing Flame, Summon Divine Warrior, Renounce Religion,
Evoke Blink, Evoke Invisibility
}: 2/15 runes: serpentine, barnacled


You were in the Vestibule of Hell.
You worshipped the Shining One.
The Shining One was exalted by your worship.
You were not hungry.

You visited 9 branches of the dungeon, and saw 41 of its levels.
You also visited: Labyrinth and Ice Cave.

You collected 3607 gold pieces.
You spent 2957 gold pieces at shops.

Inventory:

Hand weapons
 E - a +8 trishula of holy wrath (weapon)
Missiles
 K - 28 javelins
 T - 13 javelins of returning
 X - 4 javelins of penetration
 Z - 6 silver javelins (quivered)
Armour
 h - a +1 centaur barding of flying
 k - the +0 large shield "Ynomiu" {+Blink rElec MR+ rCorr Int-5}
   (Okawaru gifted it to you on level 6 of the Lair of Beasts)

   It affects your intelligence (-5).
   It insulates you from electricity.
   It affects your resistance to hostile enchantments.
   It lets you blink.
   It protects you from acid and corrosion.
 l - a +1 pair of gloves of dexterity (worn)
 m - a +2 cloak of invisibility (worn)
 p - the +2 helmet of Pneuxum (worn) {rC+ Int+4}
   (Okawaru gifted it to you on level 1 of the Lair of Beasts)

   It affects your intelligence (+4).
   It protects you from cold.
 y - the +5 centaur barding of Vihaph (worn) {rC+ Regen+ rCorr Dex-5}
   (You acquired it on level 14 of the Dungeon)

   It affects your dexterity (-5).
   It protects you from cold.
   It increases your rate of regeneration.
   It protects you from acid and corrosion.
 S - the +1 chain mail "Ahiqam" (worn) {Str+7 Slay+2}
   (You found it on level 4 of the Snake Pit)

   It affects your strength (+7).
   It affects your accuracy and damage with ranged weapons and melee attacks
   (+2).
 W - the +18 shield of the gong (worn) {rElec rN+ MR+ EV-5}
   (You bought it in a shop on level 1 of the Shoals)

   It affects your evasion (-5).
   It insulates you from electricity.
   It protects you from negative energy.
   It affects your resistance to hostile enchantments.
Jewellery
 c - an uncursed amulet of stasis
 i - a +3 ring of dexterity
 s - the ring of Rymia (right hand) {+Inv rElec Str+4 Dex+2 SInv}
   (You bought it in a shop on level 14 of the Dungeon)

   [ring of dexterity]

   It affects your strength (+4).
   It affects your dexterity (+2).
   It insulates you from electricity.
   It enhances your eyesight.
   It lets you turn invisible.
 v - a +5 ring of intelligence
 z - an uncursed amulet of regeneration
 F - a +3 ring of strength
 H - the ring "Koycooj" (left hand) {+Blink Str+3 Dex-2 SInv Stlth-}
   (You found it on level 8 of the Lair of Beasts)

   [ring of loudness]

   It affects your strength (+3).
   It affects your dexterity (-2).
   It enhances your eyesight.
   It lets you blink.
   It makes you less stealthy.
 J - an uncursed ring of protection from magic
 N - an amulet of clarity (around neck)
Magical devices
 g - a wand of heal wounds (4)
 r - a wand of digging (13)
 B - a wand of lightning (7)
 D - a wand of teleportation (5)
 G - a wand of flame (11)
 L - a wand of disintegration (16)
Scrolls
 a - a scroll of brand weapon
 e - a scroll of torment {unknown}
 o - 3 scrolls of recharging
 q - 25 scrolls of teleportation
 u - 13 scrolls of remove curse
 O - 6 scrolls of blinking
 V - 2 scrolls of summoning {unknown}
Potions
 b - 5 potions of restore abilities
 j - a potion of cure mutation {unknown}
 n - 9 potions of curing
 t - 2 potions of cancellation
 w - 4 potions of brilliance
 x - 2 potions of might
 A - 3 potions of heal wounds
 I - 3 potions of haste
 M - a potion of ambrosia {unknown}
 P - 2 potions of resistance
 Q - 2 potions of invisibility
 U - a potion of lignification {unknown}
Miscellaneous
 f - a stone of tremors
 C - the horn of Geryon
Comestibles
 d - 15 bread rations
 R - 3 chunks of flesh


   Skills:
 - Level 14.2 Fighting
   Level 5.2(5.9) Maces & Flails
 + Level 14.9(15.1) Polearms
   Level 4.0(11.2) Staves
 - Level 4.0 Throwing
 - Level 14.1 Armour
 - Level 0.1 Dodging
 - Level 16.2 Shields
 - Level 12.2 Invocations
 + Level 4.0 Evocations


You had 19 spell levels left.
You didn't know any spells.

Dungeon Overview and Level Annotations

Branches:
Dungeon (15/15)            Temple (1/1) D:6            Lair (8/8) D:9
 Shoals (5/5) Lair:4        Snake (5/5) Lair:5        Slime (1/6) Lair:8
    Orc (4/4) D:11         Vaults (0/5) D:14         Depths (1/5) D:15
   Hell (1/1)                 Dis (0/7) Hell            Geh (0/7) Hell
    Coc (0/7) Hell            Tar (0/7) Hell
    Elf: Orc:3-4

Altars:
Ashenzari
Cheibriados
Dithmenos
Elyvilon
Gozag
Kikubaaqudgha
Nemelex Xobeh
Okawaru
Qazlal
Ru
Sif Muna
Trog
Xom
The Shining One
Jiyva

Shops:
D:6 ?   D:7 *   D:14 =   Shoals:1 [   Snake:1 !

Portals:
Hell: Depths:1
Abyss: Depths:1
Trove: D:12 (give +6 demon blade)

Annotations:
D:6 2 runed doors


Innate Abilities, Weirdness & Mutations

You have hooves in place of feet.
Armour fits poorly on your strangely shaped body.
You cover ground very quickly.
You have extremely tough skin (AC +3).


Message History

The Shining One accepts your kill.
You feel a little better.
Things that are here:
a dagger; a robe; a human corpse You butcher the human corpse.
R - 3 chunks of flesh
Things that are here:
a dagger; a robe Done exploring.
Drop what? 52/52 slots (_ for help) (? for menu, Esc to quit)
You drop the +8 morningstar "Egivvuad" {crush, rF+ Int+2 Stlth-}.
Are you sure you want to abandon this character and quit the game? (Confirm with "yes".)
Okay, then.
Saving game... please wait.
Welcome back, jacksonaction the Centaur Fighter.
The Shining One says: Lead the forces of light to victory!
Press ? for a list of commands and other information.
Are you sure you want to abandon this character and quit the game? (Confirm with "yes".)
You have identified the last scroll.
V - 2 scrolls of summoning {unknown}

.##..#...............##
....##.........^......##
...##.................≈#
..##.................≈≈#
.##...................≈#
##...................≈≈#
....................≈≈≈#
....................≈≈≈#
................@....≈≈#
...................≈≈≈≈#
..................≈≈≈≈≈#
..............≈.≈≈≈≈≈≈≈#
..............≈≈≈≈≈≈≈≈≈#
..............≈≈≈≈≈≈≈≈≈#
............≈≈≈≈≈≈≈≈≈≈≈#
.#...........≈≈≈≈.≈≈≈≈≈#
#..........≈.≈≈≈≈≈....≈#


There were no monsters in sight!

Vanquished Creatures
  Norris (Snake:3)
  Saint Roka (Shoals:4)
  Vashnia (Snake:2)
  2 titans
  2 deep elf blademasters
  A deep elf master archer (D:15)
  A kraken (Shoals:4)
  A sphinx (Depths:1)
  2 ancient champions (Hell)
  Rupert (D:15)
  The ghost of Zell789 the Brawler, a mighty HOMo of Ru (Shoals:1)
  A shadow dragon (Hell)
  7 greater nagas
  Ilsuiw (Shoals:5)
  Donald (Snake:3)
  3 fire giants
  An iron dragon (Depths:1)
  5 frost giants
  3 orc warlords
  Jorgrun (Snake:3)
  2 very ugly things (Depths:1)
  A reaper (Hell)
  2 salamander firebrands (Hell)
  10 stone giants
  A war gargoyle (Hell)
  A yellow draconian (D:14)
  3 rakshasas (D:15)
  2 pale draconians
  2 mottled draconians (Depths:1)
  A black draconian (Depths:1)
  A dire elephant (Depths:1)
  A green death (Hell)
  A purple draconian (D:15)
  8 merfolk javelineers
  13 merfolk impalers
  A minotaur (Depths:1)
  An ettin (Depths:1)
  2 fire dragons
  A kraken zombie (Hell)
  7 hydras
  2 ice dragons
  13 naga warriors
  2 centaur warriors
  5 merfolk avatars
  13 anacondas
  Erica (D:13)
  An alligator snapping turtle (Shoals:5)
  2 satyrs
  A deep troll earth mage (Depths:1)
  4 merfolk aquamancers (Shoals:5)
  2 dancing weapons (D:14)
  16 death yaks
  A deep troll shaman (Depths:1)
  3 tengu warriors
  2 ogre magi (D:15)
  17 naga sharpshooters
  5 shock serpents
  A hell hog (Hell)
  2 iron golems (Depths:1)
  3 soul eaters (Hell)
  Nergalle (Lair:7)
  A fire crab (shapeshifter) (D:15)
  4 sun demons (Hell)
  17 hell knights (Hell)
  The ghost of GeneralIdiocy the Martial Artist, an experienced DsGl of Makhleb (D:8)
  10 salamander mystics
  16 skeletal warriors
  4 ice devils (Hell)
  2 deep elf knights (Depths:1)
  A giant orange brain (shapeshifter) (D:15)
  8 unseen horrors
  A flayed ghost (Depths:1)
  A deep elf summoner (Depths:1)
  3 iron trolls (Depths:1)
  6 naga ritualists
  A deep troll (Depths:1)
  3 ice statues
  19 sea snakes
  The ghost of Zell789 the Chopper, an experienced NaFi (D:6)
  A lindwurm (shapeshifter) (D:15)
  A wizard (D:14)
  A golden dragon skeleton (Hell)
  4 lindwurms (Snake:5)
  An orc sorcerer (Depths:1)
  16 mana vipers
  A hell hog zombie (Hell)
  25 harpies
  7 necromancers (Hell)
  12 ugly things
  5 water nymphs
  A deep elf conjurer (Orc:3)
  18 salamanders
  2 shadow dragon skeletons (Hell)
  2 orc knights (D:15)
  8 cyclopes
  4 hill giants
  A wolf spider (D:14)
  9 manticores
  7 rust devils
  10 sirens
  25 elephants
  13 fauns
  43 black mambas
  12 griffons
  4 centaur zombies
  5 guardian serpents (Snake:5)
  2 molten gargoyles (Hell)
  5 drowned souls (Shoals:4)
  28 naga magi
  2 torpor snails
  3 gargoyles
  7 spiny frogs
  A kobold demonologist (D:13)
  9 komodo dragons
  8 trolls
  A redback zombie (D:15)
  5 fire drakes
  A yaktaur (shapeshifter) (D:15)
  A hydra zombie (Hell)
  A freezing wraith (Hell)
  A wandering mushroom (Lab)
  25 merfolk
  A shadow dragon simulacrum (Hell)
  A wind drake (shapeshifter) (D:15)
  A blue devil (Hell)
  A wind drake (Shoals:3)
  4 tengu conjurers
  Prince Ribbit (Lair:2)
  4 small abominations (Depths:1)
  15 polar bears
  10 two-headed ogres
  A hornet zombie (D:15)
  7 slime creatures
  14 ravens
  A boulder beetle (D:10)
  An alligator skeleton (Hell)
  A fire giant simulacrum (Hell)
  9 snapping turtles
  24 blink frogs
  8 basilisks
  17 water elementals
  3 trapdoor spiders
  A centaur simulacrum (D:15)
  7 humans (D:7)
  7 deep elf magi
  5 shadows
  4 steam dragons (Lair:8)
  A wraith (D:13)
  3 fire elementals (Hell)
  90 yaks
  3 deep elf fighters
  Grum (D:12)
  3 hungry ghosts
  18 hippogriffs
  5 wyverns (Lair:6)
  2 chaos spawn (Depths:1)
  5 wargs
  Edmund (D:8)
  3 large abominations (Depths:1)
  2 human zombies (Hell)
  27 wolves
  49 nagas
  13 porcupines
  A soldier ant (D:13)
  31 water moccasins
  13 swamp worms (Lair:8)
  A mottled dragon (D:14)
  6 ice beasts
  10 human skeletons (Hell)
  3 sky beasts
  2 alligator simulacra (Hell)
  A necrophage (D:13)
  2 wasps
  4 black bears
  An ettin simulacrum (Hell)
  20 orc warriors
  3 phantoms
  5 boggarts (D:15)
  An eye of draining (D:13)
  22 centaurs
  The ghost of password the Insei, an average OpTm (D:4)
  27 ogres
  Sigmund (D:2)
  15 crocodiles
  3 boring beetles
  A wyvern zombie (D:13)
  3 big kobolds
  A brain worm (Lair:8)
  Blork the orc (D:9)
  An earth elemental (Lab)
  16 giant frogs
  6 jellies
  A scorpion (D:7)
  7 killer bees
  9 wights
  8 crimson imps
  9 electric eels
  A goliath beetle (D:6)
  Crazy Yiuf (D:2)
  22 orc priests
  3 giant frog skeletons
  12 hounds
  4 centaur skeletons
  12 iguanas
  10 worker ants
  17 orc wizards
  Jessica (D:7)
  A hound zombie (D:9)
  A hound skeleton (D:7)
  3 worker ant zombies
  22 adders
  10 gnolls
  21 river rats
  A giant mite (D:5)
  3 shadow imps (D:14)
  6 worms
  A white imp (Hell)
  3 adder zombies (D:6)
  3 adder skeletons
  8 giant geckos
  4 oozes
  108 orcs
  2 bat skeletons
  2 bat zombies (D:6)
  4 giant cockroaches
  25 hobgoblins
  23 jackals
  44 sheep
  A ball python (D:3)
  19 bats
  A giant cockroach zombie (D:6)
  A giant newt (D:4)
  20 goblins
  A jackal zombie (D:6)
  24 kobolds
  15 quokkas
  2 quokka skeletons
  12 rats
  6 fungi
  4 plants
  5 tentacles
  A tentacle segment (Hell)
1732 creatures vanquished.

Vanquished Creatures (collateral kills)
  Geryon (Hell)
  A war gargoyle (Hell)
  A hell hog (Hell)
  2 hell beasts (Hell)
  A soul eater (Hell)
  4 hell knights (Hell)
  A skeletal warrior (Hell)
  A necromancer (Hell)
  A hell hog zombie (Hell)
  A rust devil (Hell)
  A hellion (Hell)
15 creatures vanquished.

Vanquished Creatures (others)
  A daeva (Hell)
  A frost giant (Depths:1)
  A fire giant (Depths:1)
  An angel (Hell)
  A necromancer (Depths:1)
  12 drowned souls
  A hydra skeleton (Hell)
  A raven (D:15)
  2 orc warriors
  A human skeleton (Hell)
  An orc wizard (D:9)
  2 orc zombies (Orc:4)
  2 orcs
  An orc skeleton (Orc:4)
  3 fungi
  5 plants
  15 tentacles
  753 tentacle segments
804 creatures vanquished.

Grand Total: 2551 creatures vanquished

Notes
Turn   | Place    | Note
--------------------------------------------------------------
     0 | D:1      | jacksonaction, the Centaur Fighter, began the quest for the Orb.
     0 | D:1      | Reached XP level 1. HP: 19/19 MP: 1/1
   245 | D:1      | Reached XP level 2. HP: 26/26 MP: 2/2
   640 | D:1      | Reached XP level 3. HP: 29/31 MP: 3/3
   966 | D:2      | Noticed Sigmund
  1295 | D:2      | Found an iron altar of Okawaru.
  1298 | D:2      | Became a worshipper of Warmaster Okawaru
  1553 | D:2      | Found a bloodstained altar of Trog.
  1657 | D:2      | Reached XP level 4. HP: 30/39 MP: 3/3
  1749 | D:2      | Noticed Crazy Yiuf
  1781 | D:2      | Killed Crazy Yiuf
  2072 | D:2      | Killed Sigmund
  2072 | D:2      | Reached XP level 5. HP: 46/46 MP: 4/4
  2362 | D:3      | Found a shattered altar of Ashenzari.
  2441 | D:3      | Reached skill level 4 in Fighting
  2890 | D:4      | Found a sparkling altar of Nemelex Xobeh.
  3004 | D:4      | Found an iron altar of Okawaru.
  3100 | D:4      | Reached XP level 6. HP: 35/52 MP: 5/5
  3111 | D:4      | Reached skill level 1 in Staves
  3718 | D:4      | Noticed password's ghost (average OpTm)
  3725 | D:4      | Killed password's ghost
  3725 | D:4      | Acquired Okawaru's first power
  4155 | D:4      | Reached XP level 7. HP: 53/60 MP: 5/5
  4220 | D:5      | Entered Level 5 of the Dungeon
  4230 | D:5      | Reached skill level 5 in Fighting
  5459 | D:5      | Found a deep blue altar of Sif Muna.
  5712 | D:5      | Reached XP level 8. HP: 68/70 MP: 6/6
  5817 | D:6      | Noticed Zell789's ghost (experienced NaFi)
  5854 | D:6      | Found a stormy altar of Qazlal.
  6197 | D:6      | Reached skill level 5 in Armour
  6359 | D:6      | Found a runed door.
  6362 | D:6      | Found a runed door.
  6363 | D:6      | Found a runed door.
  6498 | D:6      | Found an ancient bone altar of Kikubaaqudgha.
  6516 | D:6      | Found a staircase to the Ecumenical Temple.
  6552 | D:6      | Reached skill level 6 in Fighting
  6769 | D:6      | Found Qauxa Sutt's Magic Scroll Emporium.
  6774 | D:6      | Bought a scroll of teleportation for 33 gold pieces
  6774 | D:6      | Bought a scroll of identify for 22 gold pieces
  6774 | D:6      | Bought a scroll of remove curse for 33 gold pieces
  6774 | D:6      | Bought a scroll of enchant weapon for 82 gold pieces
  6774 | D:6      | Bought a scroll of noise for 11 gold pieces
  7043 | D:6      | Found a runed door.
  7044 | D:6      | Found a shimmering altar of Xom.
  7044 | D:6      | Found a runed door.
  7077 | D:6      | Found a runed door.
  7311 | D:6      | Killed Zell789's ghost
  7311 | D:6      | Reached XP level 9. HP: 40/78 MP: 7/7
  7559 | Temple   | Entered the Ecumenical Temple
  7904 | D:7      | Noticed Jessica
  7975 | D:7      | Reached skill level 7 in Fighting
  7975 | D:7      | Reached skill level 1 in Invocations
  7996 | D:7      | Killed Jessica
  7996 | D:7      | Reached skill level 5 in Polearms
  7996 | D:7      | Reached skill level 5 in Shields
  8082 | D:7      | Found Friojiob's Assorted Antiques.
  8101 | D:7      | Bought a scroll labeled ZICANO LIOTTOGOT for 23 gold pieces
  8101 | D:7      | Bought a scroll labeled JEASIA HAISTRE for 23 gold pieces
  8101 | D:7      | Bought a lumpy white potion for 20 gold pieces
  8904 | D:7      | Reached XP level 10. HP: 78/86 MP: 10/10
  8987 | D:8      | Noticed GeneralIdiocy's ghost (experienced DsGl)
  9783 | D:8      | Killed GeneralIdiocy's ghost
  9783 | D:8      | Acquired Okawaru's second power
 10164 | D:8      | Noticed Edmund
 10179 | D:8      | Killed Edmund
 10383 | D:8      | You fall through a shaft!
 10383 | D:9      | Noticed Blork the orc
 10392 | D:9      | Killed Blork the orc
 10557 | D:9      | Found a staircase to the Lair.
 11145 | D:9      | Received a gift from Okawaru
 11348 | D:9      | Found a deep blue altar of Sif Muna.
 11363 | D:9      | Reached skill level 8 in Fighting
 11635 | D:10     | Entered Level 10 of the Dungeon
 11669 | Lair:1   | Entered Level 1 of the Lair of Beasts
 11711 | Lair:1   | Received a gift from Okawaru
 11711 | Lair:1   | Reached skill level 1 in Throwing
 11712 | Lair:1   | Got an ichor-stained helmet {god gift}
 11754 | Lair:1   | Reached skill level 1 in Evocations
 11754 | Lair:1   | Reached XP level 11. HP: 41/94 MP: 11/11
 11893 | Lair:1   | Identified the +2 helmet of Pneuxum {rC+ Int+4} (Okawaru gifted it to you on level 1 of the Lair of Beasts)
 11928 | Lair:1   | Found a labyrinth entrance.
 12035 | Lab      | Entered a labyrinth
 12919 | Lab      | Noticed a minotaur
 13019 | Lab      | Got a brightly glowing long sword
 13020 | Lab      | Identified the cursed +2 long sword of the Nine Gods {pain, Int+4} (You found it in a labyrinth)
 13404 | Lair:1   | Noticed an elephant
 13408 | Lair:1   | Noticed an elephant
 13408 | Lair:1   | Noticed an elephant
 13411 | Lair:1   | Noticed an elephant
 13413 | Lair:1   | Noticed an elephant
 13428 | Lair:1   | Killed an elephant
 13581 | Lair:1   | Killed an elephant
 13631 | Lair:1   | Killed an elephant
 13840 | Lair:1   | Killed an elephant
 13848 | Lair:1   | Killed an elephant
 14769 | Lair:2   | Noticed a six-headed hydra
 15156 | Lair:2   | Killed a six-headed hydra
 15610 | Lair:2   | Noticed Prince Ribbit
 15626 | Lair:2   | Killed Prince Ribbit
 15626 | Lair:2   | Reached skill level 9 in Fighting
 15635 | Lair:2   | Reached XP level 12. HP: 80/104 MP: 11/13
 16427 | Lair:3   | Received a gift from Okawaru
 17824 | Lair:4   | Found a staircase to the Shoals.
 18177 | Lair:4   | Received a gift from Okawaru
 18349 | Lair:4   | You fall through a shaft for 2 floors!
 18536 | Lair:6   | Found a frozen archway.
 18537 | Lair:6   | Noticed an ice dragon
 18601 | Lair:6   | Killed an ice dragon
 18746 | IceCv    | Entered an ice cave
 19061 | IceCv    | Reached XP level 13. HP: 85/113 MP: 16/17
 19197 | IceCv    | Reached skill level 10 in Shields
 19730 | IceCv    | Reached skill level 5 in Invocations
 19871 | IceCv    | Noticed a frost giant
 19895 | IceCv    | Killed a frost giant
 19925 | IceCv    | Got an ancient morningstar
 19927 | IceCv    | Identified the +8 morningstar "Egivvuad" {crush, rF+ Int+2 Stlth-} (You found it in an ice cave)
 20216 | Lair:6   | Received a gift from Okawaru
 20247 | Lair:6   | Reached skill level 11 in Shields
 20791 | Lair:6   | Received a gift from Okawaru
 20849 | Lair:6   | Got an ichor-stained large shield {god gift}
 20860 | Lair:6   | Identified the +0 large shield "Ynomiu" {+Blink rElec MR+ rCorr Int-5} (Okawaru gifted it to you on level 6 of the Lair of Beasts)
 21193 | Lair:7   | Reached XP level 14. HP: 117/119 MP: 22/22
 21233 | Lair:7   | Reached skill level 1 in Maces & Flails
 21370 | Lair:7   | Noticed Nergalle
 21378 | Lair:7   | Killed Nergalle
 22304 | Lair:7   | Reached skill level 12 in Shields
 22669 | Lair:7   | Reached skill level 10 in Fighting
 22815 | Lair:8   | Entered Level 8 of the Lair of Beasts
 22882 | Lair:8   | Identified 4 scrolls of acquirement
 23376 | Lair:8   | Found a runed door.
 23376 | Lair:8   | Found a viscous altar of Jiyva.
 23377 | Lair:8   | Found a staircase to the Slime Pits.
 23677 | Lair:8   | Received a gift from Okawaru
 24070 | Lair:8   | Reached skill level 5 in Maces & Flails
 24155 | Lair:8   | Received a gift from Okawaru
 24275 | Lair:8   | Got a translucent steel ring
 24279 | Lair:8   | Identified the ring "Koycooj" {+Blink Str+3 Dex-2 SInv Stlth-} (You found it on level 8 of the Lair of Beasts)
 25026 | Lair:5   | Found a staircase to the Snake Pit.
 25058 | Lair:5   | Reached XP level 15. HP: 105/126 MP: 23/25
 25416 | Lair:5   | Reached skill level 13 in Shields
 25744 | Snake:1  | Entered Level 1 of the Snake Pit
 26024 | Snake:1  | Found Dorocru's Distillery.
 26034 | Snake:1  | Bought a potion of restore abilities for 65 gold pieces
 26034 | Snake:1  | Bought 2 potions of resistance for 260 gold pieces
 26034 | Snake:1  | Bought a potion of cancellation for 104 gold pieces
 26034 | Snake:1  | Bought a potion of curing for 39 gold pieces
 26034 | Snake:1  | Bought a potion of curing for 39 gold pieces
 26034 | Snake:1  | Bought a potion of curing for 39 gold pieces
 26034 | Snake:1  | Bought a potion of magic for 104 gold pieces
 26051 | Snake:1  | Received a gift from Okawaru
 26054 | Snake:1  | Got a fine halberd {god gift}
 26060 | Snake:1  | Identified the +2 halberd of the Cup {freeze, rN+ MR- Str+3 Int+3} (Okawaru gifted it to you on level 1 of the Snake Pit)
 26288 | Snake:1  | Found a shimmering altar of Xom.
 26930 | Snake:2  | Received a gift from Okawaru
 27043 | Snake:2  | Received a gift from Okawaru
 27052 | Snake:2  | Reached skill level 10 in Polearms
 27215 | Snake:2  | Noticed Vashnia
 27265 | Snake:2  | Killed Vashnia
 27761 | Snake:3  | Noticed Donald
 27778 | Snake:3  | Killed Donald
 27873 | Snake:3  | Reached skill level 14 in Shields
 27894 | Snake:3  | Noticed Norris
 28031 | Snake:3  | Paralysed by Norris for 6 turns
 28053 | Snake:3  | Killed Norris
 28088 | Snake:3  | Got a brightly glowing buckler
 28106 | Snake:3  | Identified the +1 buckler "Veepporrufi" {+Inv +Fly rN+ Int-5 Dex+4} (You took it off Norris on level 3 of the Snake Pit)
 28293 | Snake:3  | Noticed Jorgrun
 28386 | Snake:3  | Killed Jorgrun
 28428 | Snake:3  | Reached XP level 16. HP: 45/136 MP: 27/27
 28445 | Snake:3  | Reached skill level 10 in Armour
 28655 | Snake:3  | Received a gift from Okawaru
 29266 | Snake:4  | Found a shimmering altar of Xom.
 30138 | Snake:4  | Got a transparent chain mail
 30149 | Snake:4  | Identified the +1 chain mail "Ahiqam" {Str+7 Slay+2} (You found it on level 4 of the Snake Pit)
 30382 | Snake:5  | Entered Level 5 of the Snake Pit
 30799 | Snake:5  | Received a gift from Okawaru
 31860 | Snake:5  | Reached XP level 17. HP: 50/146 MP: 28/28
 32049 | Snake:5  | Received a gift from Okawaru
 32231 | Snake:5  | Received a gift from Okawaru
 32272 | Snake:5  | Got a serpentine rune of Zot
 32708 | Shoals:1 | Entered Level 1 of the Shoals
 32730 | Shoals:1 | Reached skill level 10 in Invocations
 32953 | Shoals:1 | Got an ancient falchion
 32954 | Shoals:1 | Identified the +2 falchion "Stouruf" {speed, rC+} (You found it on level 1 of the Shoals)
 32975 | Shoals:1 | Noticed Zell789's ghost (mighty HOMo)
 33009 | Shoals:1 | Killed Zell789's ghost
 33261 | Shoals:1 | Found Syxox's Armour Shoppe.
 33649 | Shoals:2 | Got a steaming chain mail
 33661 | Shoals:2 | Identified the +1 chain mail "Hysourio" {+Blink MR+ Str+3} (You found it on level 2 of the Shoals)
 34522 | Shoals:3 | Received a gift from Okawaru
 34952 | Shoals:4 | Noticed Saint Roka
 35029 | Shoals:4 | Killed Saint Roka
 35029 | Shoals:4 | Reached XP level 18. HP: 62/154 MP: 27/29
 35132 | Shoals:4 | Found a white marble altar of Elyvilon.
 35848 | Shoals:5 | Entered Level 5 of the Shoals
 35850 | Shoals:5 | Noticed Ilsuiw
 35955 | Shoals:5 | Killed Ilsuiw
 36293 | Shoals:5 | Reached skill level 15 in Shields
 36694 | Shoals:5 | Received a gift from Okawaru
 37409 | Shoals:5 | Got a barnacled rune of Zot
 37543 | Shoals:1 | Bought the +18 shield of the gong {rElec rN+ MR+ EV-5} for 1362 gold pieces
 37786 | Slime:1  | Entered Level 1 of the Pits of Slime
 37793 | Lair:8   | Received a gift from Okawaru
 38191 | D:10     | Found an opulent altar of Gozag.
 38540 | D:10     | Found a glowing golden altar of the Shining One.
 39285 | D:10     | Fell from the grace of Okawaru
 39285 | D:10     | Became a worshipper of the Shining One
 39328 | D:11     | Found a staircase to the Orcish Mines.
 39738 | D:11     | Acquired the Shining One's first power
 40125 | D:12     | Found a portal to a secret trove of treasure.
 40329 | D:12     | Noticed Grum
 40334 | D:12     | Killed Grum
 41026 | Orc:1    | Entered Level 1 of the Orcish Mines
 41033 | Orc:1    | Acquired the Shining One's second power
 41782 | Orc:4    | Entered Level 4 of the Orcish Mines
 42736 | D:13     | Noticed Erica
 42743 | D:13     | Killed Erica
 43539 | D:10     | Noticed a hill giant
 43542 | D:10     | Killed a hill giant
 44036 | D:14     | Found Qaituod's Jewellery Boutique.
 44041 | D:14     | Bought the ring of Rymia {+Inv rElec Str+4 Dex+2 SInv} for 698 gold pieces
 44044 | D:14     | Got a polished centaur barding
 44055 | D:14     | Identified the +5 centaur barding of Vihaph {rC+ Regen+ rCorr Dex-5} (You acquired it on level 14 of the Dungeon)
 44073 | D:14     | Found a gate to the Vaults.
 44100 | D:14     | Reached XP level 19. HP: 153/165 MP: 29/29
 44609 | D:14     | Acquired the Shining One's third power
 44703 | D:14     | Found a snail-covered altar of Cheibriados.
 44807 | D:15     | Entered Level 15 of the Dungeon
 45095 | D:15     | Found a staircase to the Depths.
 45821 | D:15     | Noticed Rupert
 45833 | D:15     | Killed Rupert
 46145 | Depths:1 | Entered Level 1 of the Depths
 46231 | Depths:1 | Acquired the Shining One's fourth power
 47324 | Depths:1 | Found a gateway to Hell.
 47738 | Depths:1 | Found a one-way gate to the infinite horrors of the Abyss.
 48412 | Hell     | Entered the Vestibule of Hell
 48412 | Hell     | Noticed Geryon
 48429 | Hell     | Killed Geryon
 48490 | Depths:1 | Reached XP level 20. HP: 123/174 MP: 13/32
 48736 | Hell     | Reached skill level 16 in Shields
 49144 | D:10     | Identified a +8 trishula of holy wrath (a +6 demon trident of electrocution blessed by the Shining One)
 49411 | Hell     | Found a gateway to the ashen valley of Gehenna.
 49497 | Hell     | Found a gateway to the decaying netherworld of Tartarus.
 49656 | Hell     | Found a gateway to the Iron City of Dis.
 49756 | Hell     | Found a gateway to the freezing wastes of Cocytus.
 49878 | Hell     | Quit the game

Action                   |  1- 3 |  4- 6 |  7- 9 | 10-12 | 13-15 | 16-18 | 19-21 || total
-------------------------+-------+-------+-------+-------+-------+-------+-------++-------
Melee: Trident           |   182 |    29 |   345 |  1231 |   294 |       |       ||  2081
       Quarterstaff      |       |   110 |   152 |       |       |       |       ||   262
       Morningstar       |       |       |       |       |   705 |   418 |   777 ||  1900
       Demon trident     |       |       |       |       |   874 |  1635 |       ||  2509
       Trishula          |       |       |       |       |       |       |   115 ||   115
Throw: Stone             |     1 |     6 |    81 |     3 |       |       |       ||    91
       Javelin           |       |       |       |   110 |    88 |   157 |    94 ||   449
       Tomahawk          |       |       |       |       |     1 |       |       ||     1
Invok: Heroism           |       |       |     1 |    21 |    19 |     8 |       ||    49
       Finesse           |       |       |       |     2 |     7 |     3 |       ||    12
       Divine Shield     |       |       |       |       |       |     3 |     5 ||     8
       Cleansing Flame   |       |       |       |       |       |       |    26 ||    26
       Summon Divine War |       |       |       |       |       |       |     3 ||     3
 Abil: Evoke Blink       |       |       |       |       |     4 |       |     6 ||    10
Evoke: Wand              |       |       |       |     4 |     9 |    10 |     1 ||    24
  Use: Potion            |       |     2 |     1 |       |     9 |     4 |     2 ||    18
       Scroll            |       |       |     7 |    12 |    14 |    20 |     4 ||    57
 Stab: Petrified         |       |       |     2 |       |       |       |       ||     2
       Petrifying        |       |       |     1 |       |       |       |       ||     1
       Fleeing           |       |       |       |     1 |     1 |       |       ||     2
  Eat: Chunk             |     2 |     1 |     9 |    28 |    36 |    37 |     9 ||   122
       Meat ration       |       |     1 |       |     1 |     1 |     2 |     1 ||     6
       Pizza             |       |       |     2 |     3 |     5 |     5 |       ||    15
       Beef jerky        |       |       |     1 |     2 |     1 |     2 |       ||     6
       Fruit             |       |       |       |       |       |     1 |     8 ||     9
       Royal jelly       |       |       |       |       |       |     1 |     1 ||     2
       Bread ration      |       |       |       |       |       |       |     1 ||     1
